 Dungeon Crawl Stone Soup version 0.31-a0-210-gccc998df9b (webtiles) character file.

Game seed: 7390624718533794025

802 qw the Shooter (level 7, -7/59 HPs)
             Began as a Minotaur Hexslinger on June 29, 2023.
             Was a Follower of Okawaru.
             Mangled by a killer bee (8 damage)
             ... on level 5 of the Dungeon.
             The game lasted 00:01:17 (3179 turns).

qw the Shooter (Minotaur Hexslinger)                Turns: 3179, Time: 00:01:18

Health: -7/59      AC: 12    Str: 12    XL:     7   Next: 59%
Magic:  5/7        EV: 13    Int: 10    God:    Okawaru [*.....]
Gold:   67         SH:  0    Dex: 15    Spells: 7/8 levels left

rFire   . . .        b - +1 sling (heavy)
rCold   . . .        (no shield)
rNeg    . . .        d - +0 ring mail
rPois   +            (helmet restricted)
rElec   .            n - +0 cloak
rCorr   .            j - +2 pair of gloves
SInv    .            h - +0 pair of boots
Will    .....        (no amulet)
Stlth   ++           c - ring of poison resistance
HPRegen 0.29/turn    (no ring)
MPRegen 0.10/turn

%: no passive effects
@: lethally poisoned (-7 -> -12), heroic
A: horns 2, retaliatory headbutt
a: Renounce Religion, Heroism


You were on level 5 of the Dungeon.
You worshipped Okawaru.
Okawaru was aware of your devotion.
You visited 1 branch of the dungeon, and saw 5 of its levels.

You collected 182 gold pieces.
You spent 115 gold pieces at shops.


Innate Abilities, Weirdness & Mutations

You have a pair of horns on your head.
You reflexively headbutt those who attack you in melee.


   Skills:
 - Level 4.3(9.3) Fighting
 + Level 7.9(12.9) Ranged Weapons
 - Level 2.0(7.0) Armour
 - Level 2.1(7.1) Dodging
 - Level 1.0 Spellcasting
 - Level 2.0 Hexes
 + Level 2.6 Invocations


You had 7 spell levels left.
You knew the following spells:

 Your Spells              Type           Power      Damage    Failure   Level
a - Slow                  Hex            16%        N/A       30%         1

Your spell library contained the following spells:

 Spells                   Type           Power      Damage    Failure   Level
 Inner Flame              Hex/Fire       2%         N/A       80%         3
 Portal Projectile        Hex/Tloc       4%         N/A       80%         3
 Cause Fear               Hex            2%         N/A       96%         4

Inventory:

Hand Weapons
 b - a +1 heavy sling (weapon)
Armour
 d - a +0 ring mail (worn)
 h - a +0 pair of boots (worn)
 j - a +2 pair of gloves (worn)
 n - a +0 cloak (worn)
Jewellery
 c - a ring of poison resistance (left hand)
 k - an amulet of faith
Scrolls
 a - 7 scrolls of identify
 f - a scroll of revelation {unknown}
Potions
 e - a potion of attraction {unknown}
 g - 2 potions of enlightenment
 i - a potion of magic
 m - 2 potions of curing

Dungeon Overview and Level Annotations

Branches:
Dungeon (5/15)             Temple (0/1) D:4

Altars:
Okawaru

Shops:
D:4 ?   D:5 [


Message History

The killer bee poisons you!
The killer bee stings you but does no damage. x2
Your Invocations skill increases to level 2!
You shoot a sling bullet. The sling bullet hits the killer bee!
The killer bee is almost dead.
You feel sick. The killer bee barely misses you. You furiously retaliate!
You headbutt the killer bee.
You kill the killer bee!
Okawaru accepts your kill.
The killer bee stings you but does no damage. x2
The killer bee stings you.
You shoot a sling bullet. The sling bullet hits the killer bee!
You kill the killer bee!
Okawaru accepts your kill.
You feel sick. The killer bee stings you. x2
You are lethally poisoned!
The killer bee poisons you!
The killer bee stings you but does no damage.
You shoot a sling bullet. The sling bullet hits the killer bee!
The killer bee is almost dead.
You feel very sick. The killer bee closely misses you.
The killer bee stings you but does no damage. x2
The killer bee closely misses you. x2; The killer bee stings you.
The phantom hits you but does no damage.
You shoot a sling bullet.
The sling bullet hits the killer bee but does no damage.
The killer bee is almost dead.
You feel sick. The killer bee barely misses you.
The killer bee closely misses you. You furiously retaliate!
You headbutt the killer bee.
The killer bee stings you but does no damage.
The killer bee closely misses you. The phantom misses you.
You shoot a sling bullet. The sling bullet hits the killer bee!
You kill the killer bee!
Okawaru accepts your kill.
You feel very sick.
The killer bee stings you but does no damage.
The killer bee stings you!
You die...

~~~~~~~
~~~~~~~P~7
~~~~~P~7~
~~~~~~~ 77
~~~~~~ ~~##
7y7~)77~..#.
7y7~.........
#@#...........
#.W)..........
###...........
#...........
#...........
##..........
######.....#.
###....##..####
##.............#


You could see a phantom and 2 killer bees.

Vanquished Creatures
  Grinder (D:4)
  A scorpion (D:4)
  4 killer bees (D:5)
  A gnoll bouda (D:5)
  A hound (D:4)
  Natasha (thrice) (D:2)
  An orc wizard (D:4)
  17 gnolls
  4 adders
  A shadow imp (D:5)
  6 orcs
  7 ball pythons
  2 bats
  6 endoplasms
  2 giant cockroaches (D:1)
  4 goblins
  7 hobgoblins
  6 kobolds
  3 quokkas
  2 frilled lizards
  3 rats
82 creatures vanquished.

Notes
Turn   | Place    | Note
-------+----------+-------------------------------------------
     0 | D:1      | qw the Minotaur Hexslinger began the quest for the Orb.
     0 | D:1      | Reached XP level 1. HP: 16/16 MP: 1/1
     0 | D:1      | 0 ||| qw: Version: 0.3-a-24-ga2abf7b
     0 | D:1      | 0 ||| qw: Game counter: 6986
     0 | D:1      | 0 ||| qw: Melee chars always use a shield: true
     0 | D:1      | 0 ||| qw: God list: Okawaru
     0 | D:1      | 0 ||| qw: Allow faded altars: false
     0 | D:1      | 0 ||| qw: Do Orc after clearing Dungeon:15 true
     0 | D:1      | 0 ||| qw: Do second Lair branch before Depths: true
     0 | D:1      | 0 ||| qw: Lair rune preference: random
     0 | D:1      | 0 ||| qw: Goals: Normal
     0 | D:1      | 0 ||| PLANNING D:1-11
   252 | D:1      | Reached skill level 3 in Ranged Weapons
   466 | D:1      | Reached XP level 2. HP: 23/23 MP: 2/2
   540 | D:1      | 540 ||| UPGRADING to +0 pair of gloves.
   545 | D:1      | 545 ||| UPGRADING to +0 leather armour.
   555 | D:1      | 555 ||| DROPPING +0 robe.
   556 | D:1      | 556 ||| UPGRADING to +0 cloak.
   561 | D:1      | 561 ||| READING 3 scrolls labelled FIBLOFRAX.
   562 | D:1      | 562 ||| READING scroll labelled QIHIUS ZESMU.
   563 | D:1      | 563 ||| READING scroll labelled SUODIO BUTE.
   564 | D:1      | 564 ||| DRINKING 2 murky brown potions.
   565 | D:1      | 565 ||| READING 2 scrolls of identify.
   565 | D:1      | 565 ||| IDENTIFYING glowing amethyst potion
   566 | D:1      | 566 ||| DROPPING scroll of poison.
   567 | D:1      | 567 ||| DROPPING potion of ambrosia.
   593 | D:2      | Noticed Natasha
   598 | D:2      | Killed Natasha
   599 | D:2      | Reached XP level 3. HP: 30/30 MP: 3/3
   747 | D:2      | Reached skill level 4 in Ranged Weapons
   750 | D:2      | Noticed Natasha
   762 | D:2      | Killed Natasha
   763 | D:2      | Reached XP level 4. HP: 17/37 MP: 4/4
  1235 | D:2      | Noticed Natasha
  1240 | D:2      | Killed Natasha
  1241 | D:2      | Reached skill level 5 in Ranged Weapons
  1379 | D:2      | 1379 ||| READING scroll labelled TUJUKHL VUCING.
  1382 | D:2      | 1382 ||| READING scroll labelled KETHRI ZOLYUM.
  1383 | D:2      | 1383 ||| READING scroll labelled BAPUNUO XAMOCH.
  1384 | D:2      | 1384 ||| READING 4 scrolls of identify.
  1384 | D:2      | 1384 ||| IDENTIFYING sedimented purple potion
  1385 | D:2      | 1385 ||| READING 3 scrolls of identify.
  1385 | D:2      | 1385 ||| IDENTIFYING murky orange potion
  1386 | D:2      | 1386 ||| READING 2 scrolls of identify.
  1386 | D:2      | 1386 ||| IDENTIFYING grey potion
  1387 | D:2      | 1387 ||| DROPPING potion of magic.
  1418 | D:3      | Found an iron altar of Okawaru.
  1419 | D:3      | 1419 ||| PLANNING OKAWARU WORSHIP
  1419 | D:3      | 1419 ||| STAIRDANCE
  1426 | D:3      | 1426 ||| STAIRDANCE
  1448 | D:3      | Became a worshipper of Warmaster Okawaru
  1449 | D:3      | 1449 ||| PLANNING D:1-11
  1610 | D:3      | Reached XP level 5. HP: 44/44 MP: 5/5
  1615 | D:3      | Reached skill level 3 in Fighting
  1849 | D:3      | 1849 ||| UPGRADING to +0 pair of boots.
  1854 | D:3      | 1854 ||| UPGRADING to ring of poison resistance.
  1855 | D:3      | 1855 ||| DROPPING ring of magical power.
  1856 | D:3      | 1856 ||| READING 2 scrolls of identify.
  1856 | D:3      | 1856 ||| IDENTIFYING dark potion
  1857 | D:3      | 1857 ||| DROPPING potion of lignification.
  1894 | D:4      | Reached skill level 1 in Armour
  2005 | D:4      | Found Qer Xipn's Magic Scroll Boutique.
  2016 | D:4      | Found a staircase to the Ecumenical Temple.
  2020 | D:4      | 2020 ||| BUYING scroll of brand weapon (95 gold).
  2020 | D:4      | Bought a scroll of brand weapon for 95 gold pieces
  2020 | D:4      | 2020 ||| SHOPLISTING scroll of brand weapon (95 gold, have
                  | 31).
  2020 | D:4      | 2020 ||| BUYING scroll of identify (20 gold).
  2020 | D:4      | Bought a scroll of identify for 20 gold pieces
  2020 | D:4      | 2020 ||| READING scroll of brand weapon.
  2020 | D:4      | 2020 ||| BRANDING +1 sling.
  2029 | D:4      | 2029 ||| READING scroll of enchant armour.
  2029 | D:4      | 2029 ||| ENCHANTING +0 pair of gloves.
  2183 | D:4      | HP: 11/45 [gnoll/+0 spear (1)]
  2184 | D:4      | 2184 ||| READING scroll of teleportation.
  2185 | D:4      | 2185 ||| DRINKING potion of heal wounds.
  2366 | D:4      | Reached skill level 6 in Ranged Weapons
  2491 | D:4      | 2491 ||| READING scroll of enchant armour.
  2491 | D:4      | 2491 ||| ENCHANTING +1 pair of gloves.
  2528 | D:4      | Reached XP level 6. HP: 31/52 MP: 6/6
  2811 | D:4      | Noticed Grinder
  2812 | D:4      | Reached * piety under Okawaru
  2814 | D:4      | 2814 ||| INVOKING Heroism.
  2822 | D:4      | Paralysed by Grinder for 3 turns
  2829 | D:4      | Killed Grinder
  2830 | D:4      | Reached skill level 7 in Ranged Weapons
  2830 | D:4      | Reached XP level 7. HP: 47/59 MP: 7/7
  2915 | D:4      | 2915 ||| Stepping ~*~*~tactically~*~*~ (outnumbered).
  2916 | D:4      | 2916 ||| Stepping ~*~*~tactically~*~*~ (outnumbered).
  2962 | D:4      | 2962 ||| UPGRADING to +0 ring mail.
  2972 | D:4      | 2972 ||| DROPPING +0 leather armour.
  2973 | D:4      | 2973 ||| READING scroll labelled BETUEWA OSCHER.
  2984 | D:5      | Entered Level 5 of the Dungeon
  3007 | D:5      | Found Cyenn's Armour Boutique.
  3020 | D:5      | 3020 ||| Stepping ~*~*~tactically~*~*~ (outnumbered).
  3024 | D:5      | 3024 ||| Stepping ~*~*~tactically~*~*~ (outnumbered).
  3032 | D:5      | Reached skill level 1 in Invocations
  3130 | D:5      | 3130 ||| INVOKING Heroism.
  3173 | D:5      | 3173 ||| INVOKING Heroism.
  3176 | D:5      | HP: 13/59 [killer bee (5)]
  3177 | D:5      | HP: 5/59 [killer bee (3)]
  3179 | D:5      | HP: 1/59 [poisoned by a killer bee]
  3179 | D:5      | Mangled by a killer bee

Levels and vault maps discovered:
D:1:      noname_arrival_rooms_in_the_neighbourhood, layout_loops_cross
D:2:      layout_rooms, nicolae_hexahallways, uniq_natasha
D:3:      cheibrodos_old_hovel, layout_rooms, okawaru_ov_weapons_minmay
D:4:      minmay_angry_zag, layout_basic, minmay_temple_entry_statues_pillars,
          serial_shops, shop, uniq_grinder
D:5:      layout_rooms, mainiacjoe_overflow_alcove_2,
          nicolae_hepliaklqana_hippocampus, serial_shops,
          nicolae_shop_peninsula, nicolae_take_the_stairs, serial_bayou_lake_a

Skill      XL: |  1  2  3  4  5  6  7 |
---------------+----------------------+-----
Ranged Weapons | 3 4 5 6 7 |  7.9
Fighting       | 2 3 4 |  4.3
Armour         | 1 2 |  2.0
Invocations    | 2 |  2.6
Dodging        | |  2.1
Spellcasting   | |  1.0
Hexes          | |  2.0

Action                     |  1- 3 |  4- 6 |  7- 9 || total
---------------------------+-------+-------+-------++-------
   Fire: Sling             |    54 |   155 |    61 ||   270
 Invoke: Heroism           |       |     1 |     2 ||     3
    Use: Scroll            |     4 |    11 |     1 ||    16
         Potion            |     1 |     1 |       ||     2
 Armour: Robe              |     1 |       |       ||     1
         Leather armour    |     4 |    29 |       ||    33
         Ring mail         |       |       |    28 ||    28
  Dodge: Dodged            |    22 |    66 |    52 ||   140

Table legend:
 A = Non-vault XP
 B = Vault XP
 C = Vault XP percentage of total XP
 D = Non-vault monster count
 E = Vault monster count
 F = Vault count percentage of total count
                 A         B        C        D         E       F
            +---------+---------+-------+---------+---------+-------
      Total |     906 |     304 |  25.1 |      76 |       6 |   7.3
            +---------+---------+-------+---------+---------+-------
        D:1 |      16 |       0 |   0.0 |       9 |       0 |   0.0
        D:2 |     116 |      36 |  23.7 |      15 |       1 |   6.2
        D:3 |      31 |       1 |   3.1 |      12 |       1 |   7.7
        D:4 |     332 |     267 |  44.6 |      25 |       4 |  13.8
        D:5 |     411 |       0 |   0.0 |      15 |       0 |   0.0
            +---------+---------+-------+---------+---------+-------
